 Dungeon Crawl Stone Soup version 0.28-a0-1594-ga885d4b3d6 (webtiles) character file.

Game seed: 8118937467902929587

7476 HallandMoats the Eye of the Storm (level 11, -10/68 HPs)
             Began as a Gargoyle Fighter on Jan 21, 2022.
             Was a Priest of Qazlal.
             Killed by the air
             ... invoked by Gastronok
              (18 damage)
             ... on level 9 of the Dungeon.
             The game lasted 00:15:24 (9628 turns).

HallandMoats the Eye of the Storm (GrFi)            Turns: 9628, Time: 00:15:25

Health: -10/68     AC: 25    Str: 19    XL:     11   Next: 15%
Magic:  27/27      EV: 24    Int: 10    God:    Qazlal [***...]
Gold:   359        SH:  9    Dex: 13    Spells: 10/10 levels left

rFire   . . .      SeeInvis +   a - +2 war axe (venom)
rCold   . . .      Faith    .   c - +0 buckler
rNeg    + . .      Spirit   .   t - +1 chain mail {rPois}
rPois   ∞          Reflect  .   h - +3 helmet of Vehumet's Pride {SInv}
rElec   +          Harm     .   (no cloak)
rCorr   +          Rampage  .   n - +0 pair of gloves
Will    .....                   (no boots)
Stlth   ..........              w - amulet of the acrobat
HPRegen 0.21/turn               q - ring of magical power
MPRegen 0.20/turn               d - ring of resist corrosion

@: acrobatic, slowed, very slow
A: sickness immunity, AC +8, negative energy resistance 1, electricity
resistance, torment resistance 1, petrification resistance
a: Renounce Religion, Upheaval, Elemental Force


You were on level 9 of the Dungeon.
You worshipped Qazlal.
Qazlal was most pleased with you.
You visited 1 branch of the dungeon, and saw 9 of its levels.
You also visited: Bailey.

You collected 689 gold pieces.
You spent 330 gold pieces at shops.

Inventory:

Hand Weapons
 a - a +2 war axe of venom (weapon)
 b - a +1 whip of venom
Missiles
 A - 4 throwing nets (quivered)
Armour
 c - a +0 buckler (worn)
 h - the +3 helmet of Vehumet's Pride (worn) {SInv}
   (You found it on level 8 of the Dungeon)

   SInv:      It lets you see invisible.
 n - a +0 pair of gloves (worn)
 t - a +1 chain mail of poison resistance (worn)
Jewellery
 d - a ring of resist corrosion (right hand)
 k - a ring of ice
 q - a ring of magical power (left hand)
 w - an amulet of the acrobat (around neck)
 G - a ring of flight
Wands
 l - a wand of acid (19)
 v - a wand of iceblast (9)
Scrolls
 f - a scroll of silence
 i - 2 scrolls of magic mapping
 s - 2 scrolls of teleportation
 x - a scroll of summoning
 y - a scroll of enchant armour
 D - 2 scrolls of identify
 E - a scroll of fear {unknown}
Potions
 e - 2 potions of mutation {unknown}
 g - 6 potions of curing
 j - 3 potions of lignification {unknown}
 m - 3 potions of ambrosia
 o - 2 potions of attraction {unknown}
 p - 3 potions of heal wounds
 r - a potion of haste {unknown}
 u - 2 potions of brilliance {unknown}
 z - 4 potions of flight
Miscellaneous
 H - a condenser vane


   Skills:
 + Level 7.7 Fighting
 + Level 8.4 Axes
 + Level 7.6 Armour
 + Level 5.2 Dodging
 - Level 4.1 Shields
 + Level 9.4 Invocations
 * Level 1.7 Evocations


You had 10 spell levels left.
You didn't know any spells.
Your spell library contained the following spells:

 Spells                   Type           Power      Damage    Failure   Level
 Magic Dart               Conj           0%         1d3       99%         1
 Shock                    Conj/Air       0%         1d3       99%         1
 Call Imp                 Summ           0%         N/A       100%        2
 Corpse Rot               Necr/Air       0%         N/A       100%        2
 Ensorcelled Hibernation  Hex/Ice        0%         N/A       100%        2
 Passwall                 Tmut/Erth      0%         N/A       100%        2
 Poisonous Vapours        Pois/Air       0%         N/A       100%        2
 Confusing Touch          Hex            0%         N/A       100%        3
 Gell's Gravitas          Tloc           0%         N/A       100%        3
 Ignite Poison            Fire/Tmut/Pois 0%         N/A       100%        3
 Lesser Beckoning         Tloc           0%         N/A       100%        3
 Mephitic Cloud           Conj/Pois/Air  0%         N/A       100%        3
 Portal Projectile        Hex/Tloc       0%         N/A       100%        3
 Spider Form              Tmut/Pois      0%         N/A       100%        3
 Swiftness                Air            0%         N/A       100%        3
 Teleport Other           Tloc           0%         N/A       100%        3
 Airstrike                Air            0%         N/A       100%        4
 Anguish                  Hex/Necr       0%         N/A       100%        4
 Blade Hands              Tmut           0%         N/A       100%        5
 Excruciating Wounds      Necr           0%         N/A       100%        5
 Fireball                 Conj/Fire      0%         3d3       100%        5
 Freezing Cloud           Conj/Ice/Air   0%         6-21      100%        5
 Irradiate                Conj/Tmut      0%         3d13      100%        5
 Iskenderun's Battlesphe  Conj           0%         2d6       100%        5
 Yara's Violent Unravell  Hex/Tmut       0%         3d3       100%        5
 Conjure Ball Lightning   Conj/Air       0%         3x3d6     100%        6
 Dragon Form              Tmut           0%         N/A       100%        7
 Enfeeble                 Hex            0%         N/A       100%        7
 Malign Gateway           Summ/Tloc      0%         N/A       100%        7
 Orb of Destruction       Conj           0%         9d5       100%        7
 Summon Horrible Things   Summ           0%         N/A       100%        8


Dungeon Overview and Level Annotations

Branches:
Dungeon (9/15)             Temple (0/1) D:4          Bailey (visited)
   Lair: D:8-11         Orc: D:9-12

Altars:
Qazlal
Trog
Xom
Zin

Shops:
D:7 !

Annotations:
D:9 Gastronok


Innate Abilities, Weirdness & Mutations

You are immune to sickness and miasma.
Your stone body is resilient. (AC +8)
You are immune to poison.
You resist negative energy. (rN+)
You are resistant to electric shocks. (rElec)
You are resistant to unholy torment.
You are immune to petrification.


Message History

Gastronok waves his eye-stalks in wide circles.
The air twists around and strikes you!
You hit Gastronok.
Gastronok looks as sick as possible!
Gastronok is lightly wounded.
You slash Gastronok!
Gastronok looks as sick as possible!
Gastronok is moderately wounded.
Gastronok casts a spell at you.
You feel yourself slow down.
You completely miss Gastronok.
Gastronok is moderately wounded.
You hit the yak.
The yak is poisoned.
You hear a shout!
The yak gores you but does no damage. You block the yak's attack.
Gastronok misses you.
You hear a shout!
A yak comes into view.
The yak bellows!
A yak comes into view.
You block the yak's attack.
The yak moves out of view.
The yak bellows!
An orc comes into view. It is wielding a +0 mace.
You hit the yak but do no damage.
The yak is poisoned.
The yak gores you! The yak barely misses you.
You hit the yak.
The yak looks as sick as possible!
The yak is lightly wounded.
You block the yak's attack. The yak gores you!
You barely miss the yak.
The yak is moderately wounded.
The yak gores you.
Gastronok waves his eye-stalks in wide circles.
The air twists around and strikes you!!
* * * LOW HITPOINT WARNING * * *
You slash the yak!
The yak is severely wounded.
The yak gores you!
* * * LOW HITPOINT WARNING * * *
You block the yak's attack.
Gastronok waves his eye-stalks in wide circles.
The air twists around and strikes you!!
You die...

#.# #.# ##.#
..# #..# #.##
#.# #.# #.#
#.#########
#....@Y.wY# .#
#########Y#.##
..
.............#
.#
...####.#.#..#
.o......#
###.#.#..#
#....^.#
###.##.# #.# #


You could see Gastronok (very poisoned) and 3 yaks.

Vanquished Creatures
  Harold (D:7)
  2 kobold demonologists (D:9)
  2 hornets
  3 steam dragons
  An acid dragon (D:9)
  2 water moccasins
  5 orc warriors
  An ice beast (D:8)
  A sky beast (D:7)
  An ogre (D:5)
  3 centaurs
  A necrophage (D:8)
  4 bullfrogs
  A gnoll sergeant (D:7)
  2 scorpions
  A howler monkey (D:8)
  5 wights (D:9)
  A centaur zombie (D:9)
  2 bullfrog zombies (D:5)
  2 hounds
  A jelly (D:7)
  2 orc priests
  2 gnoll shamans
  5 iguanas
  Jessica (D:2)
  3 bullfrog skeletons
  Terence (D:3)
  4 orc wizards
  A killer bee zombie (D:6)
  2 hound skeletons
  2 howler monkey zombies
  A howler monkey skeleton (D:4)
  18 gnolls
  5 adders
  A shadow imp (D:8)
  2 white imps (D:7)
  An ufetubus (D:6)
  An adder zombie (D:5)
  2 worms
  3 dart slugs
  13 orcs
  5 ball pythons
  8 endoplasms
  9 giant cockroaches
  7 goblins
  6 hobgoblins
  3 jackals (D:3)
  3 quokkas
  6 bats
  2 frilled lizards
  22 kobolds
  2 rats
185 creatures vanquished.

Vanquished Creatures (collateral kills)
  3 orc knights (Bailey)
  3 slime creatures (D:9)
  An orc warrior (Bailey)
  A hobgoblin (Bailey)
  2 kobolds (Bailey)
10 creatures vanquished.

Vanquished Creatures (others)
  A two-headed ogre (D:8)
  A gnoll (D:7)
2 creatures vanquished.

Grand Total: 197 creatures vanquished

Notes
Turn   | Place    | Note
-------+----------+-------------------------------------------
     0 | D:1      | HallandMoats the Gargoyle Fighter began the quest for the
                  | Orb.
     0 | D:1      | Reached XP level 1. HP: 14/14 MP: 1/1
   363 | D:1      | Found a faded altar of an unknown god.
   544 | D:1      | Prayed at the altar of an unknown god.
   544 | D:1      | Became a worshipper of Qazlal Stormbringer
   544 | D:1      | Reached * piety under Qazlal
   589 | D:1      | Reached XP level 2. HP: 19/19 MP: 2/2
  1159 | D:2      | Noticed Jessica
  1165 | D:2      | Killed Jessica
  1166 | D:2      | Reached skill level 1 in Invocations
  1166 | D:2      | Reached XP level 3. HP: 17/23 MP: 3/3
  1172 | D:2      | Reached XP level 4. HP: 16/28 MP: 3/5
  2070 | D:3      | Reached skill level 1 in Dodging
  2205 | D:3      | Found a bloodstained altar of Trog.
  2235 | D:3      | Reached skill level 2 in Invocations
  2235 | D:3      | Reached XP level 5. HP: 17/33 MP: 6/6
  2522 | D:3      | Noticed Terence
  2541 | D:3      | Killed Terence
  3094 | D:4      | Reached ** piety under Qazlal
  3358 | D:4      | Reached XP level 6. HP: 38/38 MP: 7/7
  3461 | D:4      | Reached skill level 3 in Invocations
  3560 | D:4      | Found a staircase to the Ecumenical Temple.
  3916 | D:5      | Entered Level 5 of the Dungeon
  3996 | D:4      | Reached XP level 7. HP: 24/43 MP: 9/9
  4269 | D:5      | Reached skill level 4 in Invocations
  4745 | D:5      | Reached XP level 8. HP: 40/48 MP: 11/11
  4932 | D:5      | Reached *** piety under Qazlal
  5089 | D:6      | Reached skill level 5 in Fighting
  5125 | D:6      | Reached skill level 5 in Invocations
  5243 | D:6      | Reached skill level 5 in Axes
  5243 | D:6      | Reached skill level 5 in Armour
  5776 | D:7      | Noticed Harold
  5935 | D:7      | Killed Harold
  5936 | D:7      | Reached skill level 6 in Invocations
  5936 | D:7      | Reached XP level 9. HP: 20/55 MP: 13/13
  6440 | D:7      | Noticed a hornet
  6451 | D:7      | Killed a hornet
  6491 | D:7      | Reached skill level 7 in Invocations
  7284 | D:7      | Found Jezxoypt's Distillery.
  7321 | D:7      | Bought a potion of heal wounds for 55 gold pieces
  7321 | D:7      | Bought 2 potions of degeneration for 22 gold pieces
  7322 | D:7      | Bought a potion of flight for 33 gold pieces
  7322 | D:7      | Bought a potion of might for 44 gold pieces
  7322 | D:7      | Bought a potion of ambrosia for 88 gold pieces
  7322 | D:7      | Bought a potion of invisibility for 88 gold pieces
  7510 | D:8      | Identified the +3 helmet of Vehumet's Pride {SInv}
  7698 | D:8      | Reached XP level 10. HP: 19/61 MP: 15/15
  7924 | D:8      | Reached **** piety under Qazlal
  7965 | D:8      | Found a flagged portal.
  7984 | Bailey   | Entered a bailey
  7997 | Bailey   | Noticed an orc knight
  8016 | Bailey   | Reached skill level 8 in Invocations
  8045 | Bailey   | Noticed an orc knight
  8068 | Bailey   | Killed an orc knight
  8093 | Bailey   | Noticed an orc knight
  8115 | Bailey   | Killed an orc knight
  8121 | Bailey   | Killed an orc knight
  8611 | D:8      | Noticed a two-headed ogre
  8635 | D:8      | Killed a two-headed ogre
  8650 | D:8      | Reached skill level 9 in Invocations
  9025 | D:9      | Noticed a kobold demonologist
  9025 | D:9      | Noticed a kobold demonologist
  9032 | D:9      | Killed a kobold demonologist
  9040 | D:9      | Noticed a smoke demon
  9043 | D:9      | Killed a kobold demonologist
  9044 | D:9      | Reached skill level 5 in Dodging
  9044 | D:9      | Reached XP level 11. HP: 52/67 MP: 17/17
  9196 | D:9      | Found a glowing silver altar of Zin.
  9198 | D:9      | Noticed an angel
  9202 | D:9      | Found a shimmering altar of Xom.
  9206 | D:9      | Reached skill level 1 in Evocations
  9610 | D:9      | Noticed Gastronok
  9628 | D:9      | Killed from afar by Gastronok

Illustrated notes

Levels and vault maps discovered:
D:1:      lightli_arrival_chessboard, layout_loops_ring,
          shapermc_ecumenical_altar_venn, minivault_23
D:2:      layout_loops_cross, grunt_ministairs_10, roderic_lattice_a,
          chequers_arboretum, uniq_jessica
D:3:      layout_basic, mainiacjoe_overflow_paths, serial_park_tiny_2,
          uniq_terence
D:4:      layout_loops_ring, minmay_temple_entry_hall, minmay_vboxes
D:5:      layout_rooms
D:6:      layout_rooms, minmay_misc_feat_pillars
D:7:      layout_basic, serial_shops, shop, uniq_harold
D:8:      layout_rooms, enter_bailey_6, nicolae_concentric_dashed_squares_mild
D:9:      layout_loops_ring, grunt_temple_overflow_order_and_chaos_1,
          uniq_gastronok, uniq_prince_ribbit1, uniq_erica

Skill      XL: |  1  2  3  4  5  6  7  8  9 10 11 |
---------------+----------------------------------+-----
Axes           | 2 3 4 6 7 8 |  8.4
Invocations    | 1 2 3 4 6 7 9 |  9.4
Dodging        | 1 2 3 4 5 |  5.2
Fighting       | 4 5 6 7 |  7.7
Armour         | 4 5 6 7 |  7.6
Shields        | 4 |  4.1
Evocations     | 1 |  1.7

Action                   |  1- 3 |  4- 6 |  7- 9 | 10-12 || total
-------------------------+-------+-------+-------+-------++-------
Melee: War axe           |    47 |       |     5 |   120 ||   172
       Whip              |       |   217 |   318 |    14 ||   549
Invok: Elemental Force   |       |       |       |     4 ||     4
Evoke: Wand              |       |       |     2 |       ||     2
  Use: Scroll            |       |     6 |     4 |       ||    10
       Potion            |       |       |     2 |     3 ||     5
 Stab: Invisible         |       |       |       |     4 ||     4
       Distracted        |       |       |       |     1 ||     1
       Paralysed         |       |       |       |     1 ||     1
Armor: Scale mail        |    23 |    25 |       |       ||    48
       Chain mail        |       |    80 |   185 |    69 ||   334
Dodge: Dodged            |    23 |    67 |   157 |    70 ||   317
       Repelled          |       |       |       |     3 ||     3
Block: Buckler           |    11 |    70 |   190 |    79 ||   350

Table legend: (Time is in decaauts)
 A = Elapsed time spent in this place.
 B = Non-inter-level travel time spent in this place.
 C = Inter-level travel time spent in this place.
 D = Time resting spent in this place.
 E = Time spent auto-exploring this place.
 F = Levels seen in this place.
 G = Mean time per level.
                   A        B        C        D        E       F      G
               +--------+--------+--------+--------+--------+-----+--------+
         Total |   9688 |   9392 |    296 |   1478 |   5940 |  10 |  968.8 |
       Dungeon |   9158 |   8862 |    296 |   1309 |   5823 |   9 | 1017.6 |
        Bailey |    530 |    530 |      0 |    169 |    117 |   1 |  530.0 |
               +--------+--------+--------+--------+--------+-----+--------+

Top non-repeatable levels by time:
     D:6: 1366 daAuts
     D:2: 1168 daAuts
     D:5: 1109 daAuts
     D:7: 1071 daAuts
     D:3: 1058 daAuts
     D:4: 1047 daAuts
     D:1: 883 daAuts
     D:8: 799 daAuts
     D:9: 653 daAuts
  Bailey: 530 daAuts
